 Seeded DCSS version 0.29.1-15-g9cfb28693d (webtiles) character file.

Game seed: 10165163451824931987 (custom seed)

18327 Psyclone the Thaumaturge (level 12, -6/73 HPs)
             Began as a Deep Elf Conjurer on Sept 23, 2023.
             Was an Initiate of Ashenzari.
             Mangled by a death yak (18 damage)
             ... led by a torpor snail
             ... on level 1 of the Lair of Beasts.
             The game lasted 00:56:15 (16042 turns).

Psyclone the Thaumaturge (Deep Elf Conjurer)       Turns: 16042, Time: 00:56:16

Health: -6/73      AC:  9    Str: 15    XL:     12   Next: 26%
Magic:  29/29      EV: 19    Int: 29    God:    Ashenzari [......]
Gold:   1324       SH:  4    Dex: 13    Spells: 3/34 levels left

rFire   . . .      SeeInvis .   a - +9 hand axe of Sebyklie {venom, Fragile +Blink rPois Str+5}
rCold   . . .      Faith    .   (no shield)
rNeg    + . .      Spirit   .   s - +1 robe
rPois   +          Reflect  .   (no helmet)
rElec   .          Harm     .   P - +0 cloak
rCorr   .          Rampage  .   w - +0 pair of gloves
Will    ++++.      Clarity  +   Q - +0 pair of boots
Stlth   ++........              i - amulet of the Four Winds {rN+ Will+++ Clar}
HPRegen 0.22/turn               r - +6 ring of strength
MPRegen 0.21/turn               l - +4 ring of evasion

@: slowed, very slow
A: talons 1, iridescent scales 1, large bone plates 1, shaggy fur 1
a: Renounce Religion, Evoke Blink, Curse Item


You were on level 1 of the Lair of Beasts.
You worshipped Ashenzari.
Ashenzari was noncommittal.
You visited 4 branches of the dungeon, and saw 16 of its levels.
You also visited: Ossuary.

You collected 2173 gold pieces.
You spent 849 gold pieces at shops.

Inventory:

Hand Weapons
 a - the +9 hand axe of Sebyklie (weapon) {venom, Fragile +Blink rPois Str+5}
   (You found it on level 3 of the Dungeon)

   It poisons the flesh of those it strikes.
   Str:       It affects your strength (+5).
   rPois:     It protects you from poison.
   +Blink:    It lets you blink.
   Fragile:   It will be destroyed if unequipped.
Missiles
 x - a throwing net {!f}
Armour
 s - a +1 robe (worn)
 w - a +0 pair of gloves (worn)
 P - a +0 cloak (worn)
 Q - a +0 pair of boots (worn)
Magical Staves
 B - a staff of air
Jewellery
 i - the amulet of the Four Winds (around neck) {rN+ Will+++ Clar}
   (You bought it in a shop on level 1 of the Dungeon)

   [amulet of nothing]

   rN:        It protects you from negative energy.
   Clar:      It protects you against confusion.
   Will:      It greatly increases your willpower.
 l - a +4 ring of evasion (right hand)
 r - a +6 ring of strength (left hand)
 E - a ring of flight
 F - a ring of fire
 O - a ring of resist corrosion
Wands
 h - a wand of charming (10)
 D - a wand of roots (11)
 K - a wand of flame (33)
 L - a wand of light (10)
Scrolls
 c - 4 scrolls of enchant armour
 e - 8 scrolls of teleportation
 f - a scroll of vulnerability
 g - 3 scrolls of enchant weapon
 j - 2 scrolls of butterflies
 k - 2 scrolls of fear
 o - 3 scrolls of amnesia
 p - 4 scrolls of torment
 t - 7 scrolls of identify {@r1}
 y - a scroll of summoning
 z - a scroll of brand weapon
 A - 2 scrolls of silence {!r}
 G - 2 scrolls of blinking
 N - 2 scrolls of poison
Potions
 b - 3 potions of attraction
 d - 5 potions of flight
 m - a potion of magic
 n - 3 potions of mutation
 q - 3 potions of lignification
 u - 2 potions of cancellation
 v - a potion of haste
 C - a potion of invisibility
 H - 2 potions of heal wounds
 I - 5 potions of curing
 J - 3 potions of berserk rage
 M - a potion of brilliance


   Skills:
 - Level 8.0 Fighting
 - Level 8.0 Dodging
 - Level 2.4 Stealth
 + Level 11.7 Spellcasting
 + Level 10.5 Conjurations
 - Level 6.0 Transmutations
 - Level 8.0 Fire Magic
 - Level 8.0 Poison Magic


You had 3 spell levels left.
You knew the following spells:

 Your Spells              Type           Power      Damage    Failure   Level
a - Magic Dart            Conj           100%       1d8       1%          1
b - Searing Ray           Conj           100%       2d8       1%          2
c - Mephitic Cloud        Conj/Pois/Air  52%        N/A       1%          3
d - Fulminant Prism       Conj/Hex       23%        3d13      3%          4
e - Sticky Flame          Conj/Fire      63%        2d8       1%          4
f - Lesser Beckoning      Tloc           17%        N/A       10%         3
g - Conjure Flame         Conj/Fire      63%        6-21      1%          3
h - Eringya's Noxious Bo  Tmut/Pois      27%        N/A       26%         6
s - Ignite Poison         Fire/Tmut/Pois 56%        N/A       1%          3
v - Poisonous Vapours     Pois/Air       80%        N/A       1%          2

Your spell library contained the following spells:

 Spells                   Type           Power      Damage    Failure   Level
 Passwall                 Tmut/Erth      28%        N/A       1%          2
 Dazzling Flash           Conj/Hex       94%        N/A       1%          3
 Stone Arrow              Conj/Erth      94%        3d12      1%          3
 Apportation              Tloc           34%        N/A       3%          1
 Sandblast                Erth           34%        2d9       3%          1
 Blink                    Tloc           34%        N/A       4%          2
 Call Imp                 Summ           17%        N/A       4%          2
 Ensorcelled Hibernation  Hex/Ice        34%        N/A       4%          2
 Swiftness                Air            17%        N/A       10%         3
 Iskenderun's Mystic Bla  Conj/Tloc      47%        2d10      3%          4
 Alistair's Intoxication  Tmut/Pois      36%        N/A       4%          5
 Corpse Rot               Necr/Pois/Air  32%        N/A       11%         4
 Freezing Cloud           Conj/Ice/Air   18%        6-21      21%         5
 Manifold Assault         Tloc           17%        N/A       65%         5
 Ozocubu's Refrigeration  Ice            8%         4d9       100%        7
 Storm Form               Tmut/Air       17%        N/A       100%        7


Dungeon Overview and Level Annotations

Branches:
Dungeon (13/15) Zot: 25351  Temple (1/1) D:7 Zot: 5896    Lair (1/5) D:8 Zot: 5714
    Orc (1/2) D:9 Zot: 5973 Ossuary (visited)
 Vaults: D:13-14

Altars:
Ashenzari
Cheibriados
Dithmenos
Elyvilon
Fedhas
Gozag
Hepliaklqana
Kikubaaqudgha
Makhleb
Nemelex Xobeh
Okawaru
Qazlal
Ru
Sif Muna
Trog
Uskayaw
Vehumet
Wu Jian
Xom
Yredelemnul
Zin
The Shining One

Shops:
D:1 =   D:5 *   D:7 (   D:10 ?(

Annotations:
D:10 3 runed translucent doors, Loveship's ghost, journeyman PaFi


Innate Abilities, Weirdness & Mutations

You have sharp toenails.
You are partially covered in iridescent scales. (AC +2)
You are partially covered in large bone plates. (SH +4)
You are covered in fur. (AC +1)


Message History

You don't know that spell.
Casting: Ignite Poison (safe; 1% risk of failure)
Confirm with . or Enter, or press ? or * to list all spells.
Okay, then.
The water moccasin misses you.
The black mamba attacks as you move away!
The black mamba bites you but does no damage.
You block the black mamba's attack. The water moccasin closely misses you.
The black mamba misses you.
The water moccasin attacks as you move away!
The water moccasin misses you.
The black mamba attacks as you move away!
The black mamba barely misses you. x2; You block the water moccasin's attack.
The black mamba bites you but does no damage.
The water moccasin attacks as you move away!
The water moccasin misses you. The black mamba misses you.
You block the water moccasin's attack. The water moccasin barely misses you.
The water moccasin bites you.
You take 1 damage, and have 42/73 hp.
The water moccasin attacks as you move away!
The water moccasin closely misses you. The black mamba completely misses you.
The black mamba bites you!
You take 9 damage, and have 33/73 hp.
The death yak attacks as you move away! The death yak barely misses you.
The black mamba bites you!
* * * LOW HITPOINT WARNING * * *
You are lethally poisoned!
The black mamba poisons you! The black mamba completely misses you.
You take 12 damage, and have 21/73 hp.
The water moccasin attacks as you move away!
The water moccasin misses you.
* * * LOW HITPOINT WARNING * * *
You feel extremely sick. The black mamba misses you.
The water moccasin barely misses you. The death yak misses you.
You take 7 damage, and have 14/73 hp.
You feel better. The black mamba barely misses you. The black mamba bites you!
* * * LOW HITPOINT WARNING * * *
The water moccasin misses you. The death yak gores you!!
You die...

.........[.......#
.................#
........#........#
P......###.......#
.........#.......#
.....#..##.......#
......#..##......#
#.....#..........##
...#...........Y@P#
#.............SYS##
...#..........w..##
.................#
...#.............##
..##.............#
.................#
.................#
.........?........#


You could see 2 death yaks, a torpor snail, a black mamba and a water moccasin.

Vanquished Creatures
  2 boulder beetles
  3 two-headed ogres
  Pikel (D:8)
  A deep elf pyromancer (D:13)
  2 cyclopes
  An ice statue (D:9)
  An unseen horror (D:12)
  A kobold demonologist (D:9)
  4 komodo dragons (Lair:1)
  Prince Ribbit (D:8)
  6 trolls
  3 slime creatures (D:12)
  2 hornets
  Sigmund (D:2)
  A shadow (D:9)
  3 wyverns
  15 yaks
  A steam dragon (D:9)
  4 vampire mosquitoes (D:10)
  2 wargs (Orc:1)
  2 acid dragons
  A water moccasin (Lair:1)
  4 ice beasts
  3 orc warriors
  4 sky beasts
  A wolf (Lair:1)
  3 ogres
  4 centaurs
  A lemure (D:8)
  Blork the orc (D:4)
  A kobold brigand (D:8)
  3 elf zombies (Ossuary)
  6 bullfrogs
  2 necrophages
  A gnoll sergeant (D:10)
  3 scorpions
  16 wights
  4 killer bees (D:8)
  3 howler monkeys
  11 orc priests
  3 hounds
  2 human zombies (Ossuary)
  2 gnoll boudas
  3 iguanas
  16 orc wizards
  4 mummies (Ossuary)
  11 adders
  27 gnolls
  A shadow imp (D:7)
  4 white imps
  An ufetubus (D:7)
  An adder zombie (Ossuary)
  A worm (D:2)
  A dart slug (D:5)
  43 orcs
  5 ball pythons
  3 endoplasms (D:1)
  4 giant cockroaches
  A gnoll zombie (Ossuary)
  9 goblins
  13 hobgoblins
  3 jackals (D:3)
  4 quokkas
  6 bats
  2 frilled lizards (D:3)
  2 goblin zombies
  2 hobgoblin zombies (Ossuary)
  A jackal zombie (Ossuary)
  14 kobolds
  2 rats (D:2)
  2 rat zombies
322 creatures vanquished.

Vanquished Creatures (others)
  An orc (D:6)
  38 fulminant prisms
  5 fungi (D:8)
  5 plants (D:8)
49 creatures vanquished.

Grand Total: 371 creatures vanquished

Notes
Turn   | Place    | Note
-------+----------+-------------------------------------------
     0 | D:1      | Psyclone the Deep Elf Conjurer began the quest for the Orb.
     0 | D:1      | Reached XP level 1. HP: 10/10 MP: 6/6
    86 | D:1      | Identified a scroll of acquirement
    86 | D:1      | Acquired 1274 gold pieces
   114 | D:1      | Reached XP level 2. HP: 15/15 MP: 1/8
   313 | D:1      | Acquired a Trismegistus Codex
   335 | D:1      | Found Imaonk's Jewellery Emporium.
   341 | D:1      | Bought the amulet of the Four Winds {rN+ Will+++ Clar} for
                  | 849 gold pieces
   341 | D:1      | Found the amulet of the Four Winds {rN+ Will+++ Clar}
   370 | D:1      | Learned a level 2 spell: Searing Ray
   833 | D:2      | Reached skill level 4 in Spellcasting
   875 | D:2      | Noticed Sigmund
   881 | D:2      | Killed Sigmund
   882 | D:2      | Reached skill level 5 in Spellcasting
   882 | D:2      | Reached XP level 3. HP: 13/19 MP: 2/12
   882 | D:2      | Reached XP level 4. HP: 17/24 MP: 2/13
   882 | D:2      | Reached XP level 5. HP: 20/28 MP: 2/15
  1490 | D:2      | Reached skill level 6 in Spellcasting
  1731 | D:2      | Found a stormy altar of Qazlal.
  1961 | D:2      | Learned a level 3 spell: Mephitic Cloud
  1965 | D:2      | Learned a level 3 spell: Ignite Poison
  1993 | D:3      | Reached XP level 6. HP: 32/32 MP: 9/17
  2151 | D:3      | Found a faded altar of an unknown god.
  2157 | D:3      | Reached skill level 1 in Poison Magic
  2270 | D:3      | Identified the +9 hand axe of Sebyklie {venom, Fragile
                  | +Blink rPois Str+5}
  2882 | D:3      | Gained mutation: Your spells are a little easier to cast,
                  | but a little less powerful. [potion of mutation]
  2882 | D:3      | Gained mutation: You are robust. (+10% HP) [potion of
                  | mutation]
  2882 | D:3      | Gained mutation: You have sharp toenails. [potion of
                  | mutation]
  2883 | D:3      | Lost mutation: You are robust. (+10% HP) [potion of
                  | mutation]
  2883 | D:3      | Lost mutation: Your spells are a little easier to cast, but
                  | a little less powerful. [potion of mutation]
  2883 | D:3      | Gained mutation: You are partially covered in iridescent
                  | scales. (AC +2) [potion of mutation]
  2883 | D:3      | Gained mutation: You are partially covered in large bone
                  | plates. (SH +4) [potion of mutation]
  2883 | D:3      | Gained mutation: You are covered in fur. (AC +1) [potion of
                  | mutation]
  2917 | D:4      | Reached skill level 7 in Spellcasting
  2917 | D:4      | Reached XP level 7. HP: 36/36 MP: 12/19
  2922 | D:4      | Learned a level 4 spell: Fulminant Prism
  2974 | D:4      | Found a sparkling altar of Nemelex Xobeh.
  2997 | D:4      | Found a sand-covered staircase.
  3023 | Ossuary  | Entered an ossuary
  3792 | D:4      | Reached skill level 8 in Spellcasting
  4064 | D:4      | Noticed Blork the orc
  4070 | D:4      | Killed Blork the orc
  4264 | D:5      | Entered Level 5 of the Dungeon
  4269 | D:5      | Reached XP level 8. HP: 41/41 MP: 22/22
  4806 | D:5      | Found Polle's General Store.
  4841 | D:5      | Reached skill level 5 in Poison Magic
  4850 | D:5      | Reached skill level 9 in Spellcasting
  5941 | D:6      | Noticed a hornet
  5953 | D:6      | Killed a hornet
  6007 | D:6      | Reached XP level 9. HP: 30/45 MP: 17/24
  6142 | D:6      | Reached skill level 10 in Spellcasting
  7373 | D:6      | Learned a level 4 spell: Sticky Flame
  7472 | D:7      | Reached skill level 11 in Spellcasting
  7472 | D:7      | Reached skill level 10 in Conjurations
  7744 | D:7      | Reached skill level 1 in Transmutations
  7933 | D:7      | Found a staircase to the Ecumenical Temple.
  7982 | Temple   | Entered the Ecumenical Temple
  8076 | Temple   | Became a worshipper of Ashenzari the Shackled
  8281 | D:7      | Found Songeawi's Antique Weapon Shoppe.
  8409 | D:7      | Reached XP level 10. HP: 20/50 MP: 27/27
  9064 | D:8      | Reached skill level 5 in Transmutations
  9181 | D:8      | Noticed Prince Ribbit
  9187 | D:8      | Killed Prince Ribbit
  9222 | D:8      | Found a staircase to the Lair.
  9428 | D:8      | Reached skill level 1 in Fighting
  9435 | D:8      | Identified the +8 falchion of the Ancients {elec, *Rage
                  | Str+6}
  9658 | D:8      | Noticed Pikel
  9665 | D:8      | Killed Pikel
 10189 | D:9      | Reached skill level 5 in Dodging
 10206 | D:9      | Found a staircase to the Orcish Mines.
 10499 | D:9      | Noticed a smoke demon
 10707 | D:9      | Noticed an ice statue
 10728 | D:9      | Killed an ice statue
 10905 | D:9      | Identified the +3 leather armour "Gaisexol" {Int-5 Dex+6}
 11275 | D:9      | Learned a level 2 spell: Poisonous Vapours
 11279 | D:9      | Learned a level 3 spell: Dazzling Flash
 11283 | D:9      | Learned a level 3 spell: Conjure Flame
 11429 | D:9      | Reached XP level 11. HP: 53/62 MP: 28/28
 11657 | D:10     | Entered Level 10 of the Dungeon
 12003 | D:10     | Reached skill level 5 in Fighting
 12013 | D:10     | Identified the +4 long sword of Deformation {venom, rC++
                  | Will+ Str+2 Dex-2}
 12023 | D:10     | Found Ruanlaub's Weapon Emporium.
 12184 | D:10     | Found a runed translucent gate.
 12184 | D:10     | Found a runed translucent gate.
 12184 | D:10     | Found a runed translucent gate.
 12211 | D:10     | Noticed Loveship's ghost (journeyman PaFi)
 12401 | D:10     | Noticed a two-headed ogre
 12404 | D:10     | Killed a two-headed ogre
 12513 | D:10     | Got the Verses on Transmutation and Glaciation
 12521 | D:10     | Learned a level 6 spell: Eringya's Noxious Bog
 12568 | D:10     | Found Vubivvew's Magic Scroll Shoppe.
 12881 | D:11     | Noticed a two-headed ogre
 12885 | D:11     | Killed a two-headed ogre
 14102 | D:12     | You fall into a shaft and drop 1 floor!
 14154 | D:13     | Learned a level 3 spell: Lesser Beckoning
 14165 | D:13     | Noticed a deep elf pyromancer
 14168 | D:13     | Killed a deep elf pyromancer
 14169 | D:13     | Reached skill level 1 in Fire Magic
 14218 | D:13     | Noticed a boulder beetle
 14218 | D:13     | Noticed a two-headed ogre
 14225 | D:13     | Killed a two-headed ogre
 14227 | D:13     | Killed a boulder beetle
 14345 | D:13     | Noticed a catoblepas
 14383 | D:12     | Reached skill level 5 in Fire Magic
 14699 | D:12     | Noticed a boulder beetle
 14706 | D:12     | Killed a boulder beetle
 14707 | D:12     | Reached XP level 12. HP: 41/73 MP: 22/29
 15575 | Orc:1    | Entered Level 1 of the Orcish Mines
 15768 | Lair:1   | Entered Level 1 of the Lair of Beasts
 16027 | Lair:1   | Noticed a death yak
 16028 | Lair:1   | Noticed a death yak
 16042 | Lair:1   | Mangled by a death yak

Illustrated notes

Levels and vault maps discovered:
D:1:      evilmike_arrival_fibonacci_small, layout_loops_ring, serial_shops,
          nicolae_shop_behind_doors, ebering_dispersal_statue_hall
D:2:      layout_basic, basic_altar, serial_park_tiny_pond, uniq_sigmund
D:3:      layout_rooms, hellmonk_ecumenical_altar_pennies_from_heaven,
          wander_ebering_terrifying_dragon_lair
D:4:      layout_loops_ring, pf_just_have_faith, enter_ossuary_4,
          uniq_blork_the_orc
D:5:      layout_cave_pods, serial_shops, nicolae_square_shop,
          minmay_misc_feat_rugged
D:6:      layout_loops_ring
D:7:      layout_basic, minmay_temple_entry_ruins, serial_shops, shop,
          minmay_starry_boxes
D:8:      layout_basic, dpeg_oklobed_lair, uniq_prince_ribbit1, uniq_pikel
D:9:      layout_basic, erik_orc_3, minmay_statue_bubble
D:10:     layout_basic, gammafunk_ghost_icy, serial_shops,
          nicolae_shop_hallway_plus, kennysheep_mini
D:11:     layout_loops_corners
D:12:     layout_irregular_city
D:13:     layout_roguey, nicolae_figureground_sparkle
Temple:   compressed_dpeg_triangle_lava_temple
Lair:1:   minmay_guarded_unrand_snakebite, layout_gridlike, beast_lair_carwin_4
Orc:1:    layout_diamond_mine, serial_shops, nicolae_shop_bloodbath_and_beyond,
          nicolae_shop_overcharged_wands

Skill      XL: |  1  2  3  4  5  6  7  8  9 10 11 12 |
---------------+-------------------------------------+-----
Spellcasting   | 5 6 7 8 9 11 | 11.7
Conjurations   | 6 7 9 10 | 10.5
Poison Magic   | 2 4 6 8 |  8.0
Transmutations | 3 6 |  6.0
Dodging        | 7 8 |  8.0
Fighting       | 4 8 |  8.0
Fire Magic     | 6 8 |  8.0
Stealth        | |  2.4

Action                   |  1- 3 |  4- 6 |  7- 9 | 10-12 || total
-------------------------+-------+-------+-------+-------++-------
Melee: Short sword       |     5 |     8 |       |       ||    13
       Hand axe          |       |    12 |   121 |   168 ||   301
       Kick              |       |       |    28 |    38 ||    66
       Punch             |       |       |       |     4 ||     4
 Cast: Magic Dart        |    39 |    82 |    54 |    18 ||   193
       Searing Ray       |     1 |    11 |    23 |     2 ||    37
       Mephitic Cloud    |       |     1 |    26 |     9 ||    36
       Ignite Poison     |       |     1 |    21 |    42 ||    64
       Fulminant Prism   |       |       |     7 |    31 ||    38
       Poisonous Vapours |       |       |       |    22 ||    22
  Use: Scroll            |     2 |     2 |    10 |     7 ||    21
       Potion            |       |     2 |     8 |     1 ||    11
 Stab: Sleeping          |       |       |     3 |     1 ||     4
       Confused          |       |       |     1 |     1 ||     2
Armor: Robe              |     2 |     6 |    33 |    71 ||   112
Dodge: Dodged            |     4 |    30 |    87 |   252 ||   373
Block: Other             |       |       |    31 |    43 ||    74
